 Dungeon Crawl Stone Soup version 0.20-a0-121-g18cc4de (console) character file.

60 Blackmore the Magician (level 3, 0/19 HPs)
             Began as a Deep Elf Ice Elementalist on Nov 21, 2016.
             Slain by an orc
             ... wielding a +0 falchion
              (4 damage)
             ... on level 3 of the Dungeon.
             The game lasted 00:09:14 (1622 turns).

Blackmore the Magician (Deep Elf Ice Elementalist)  Turns: 1622, Time: 00:09:14

Health: 0/19       AC:  2    Str:  5    XL:     3   Next: 82%
Magic:  6/10       EV: 13    Int: 20    God:
Gold:   122        SH:  0    Dex: 15    Spells: 7/10 levels left

rFire  . . .     SeeInvis .     h - +0 dagger
rCold  . . .     Gourm    .     a - +0 robe
rNeg   . . .     Faith    .     (no shield)
rPois  .         Spirit   .     (no helmet)
rElec  .         Reflect  .     (no cloak)
rCorr  .         Harm     .     (no gloves)
MR     .....                    (no boots)
Stlth  ++........               (no amulet)
                                (no ring)
                                (no ring)

@: no status effects
A: no striking features
a: no special abilities


You were on level 3 of the Dungeon.
You were not hungry.

You visited 1 branch of the dungeon, and saw 3 of its levels.

You collected 122 gold pieces.

Inventory:

Hand Weapons
 h - a +0 dagger (weapon)
Armour
 a - a +0 robe (worn)
Jewellery
 i - an uncursed amulet of guardian spirit {unknown}
 j - an uncursed amulet of rage {unknown}
 l - an uncursed ring of fire {unknown}
Scrolls
 e - 5 scrolls of remove curse {unknown}
 g - a scroll of blinking {unknown}
 k - a scroll of amnesia {unknown}
 n - a scroll of identify {unknown}
 o - 2 scrolls of recharging {unknown}
Potions
 d - 4 potions of heal wounds {unknown}
 f - 2 potions of curing {unknown}
 p - a potion of mutation {unknown}
 q - a potion of agility {unknown}
Books
 b - a book of Frost

   Spells                             Type                      Level
   a - Freeze                         Ice                          1
   b - Throw Frost                    Conjuration/Ice              2
   c - Ozocubu's Armour               Charms/Ice                   3
   d - Throw Icicle                   Conjuration/Ice              4
   e - Summon Ice Beast               Ice/Summoning                4
 r - a book of Misfortune

   Spells                             Type                      Level
   a - Confusing Touch                Hexes                        1
   b - Confuse                        Hexes                        3
   c - Gell's Gravitas                Hexes/Translocation          3
   d - Petrify                        Transmutation/Earth          4
   e - Metabolic Englaciation         Hexes/Ice                    5
   f - Yara's Violent Unravelling     Hexes/Transmutation          5
Comestibles
 c - a bread ration
 m - a chunk of flesh


   Skills:
 + Level 0.2 Short Blades
 + Level 2.4 Dodging
 + Level 2.6 Stealth
 * Level 4.4 Spellcasting
 + Level 1.3 Conjurations
 * Level 4.2 Ice Magic


You had 7 spell levels left.
You knew the following spells:

 Your Spells              Type           Power        Failure   Level  Hunger
a - Freeze                Ice            ###.         2%          1    None
b - Throw Frost           Conj/Ice       ###...       10%         2    #......


Dungeon Overview and Level Annotations

Branches:
Dungeon (3/15)

Altars:


Message History

* * * LOW HITPOINT WARNING * * *
Unknown command.
Your magical contamination has completely faded away.
You open the door.
There is an open door here.
There is an open door here.
The orc wizard points at you and mumbles some strange words.
You resist with some effort.
The orc wizard gestures wildly while chanting.
The orc wizard blinks!
There is an open door here.
Casting: Throw Frost
Confirm with . or Enter, or press ? or * to list all spells.
Aiming: Freeze
Press: ? - help, Shift-Dir - straight line, f/p - orc
Aim: an orc, wielding a falchion You freeze the orc.
The orc is almost dead.
The orc hits you with a falchion.
You die...

.... #... ....###..%
.......... #########
....#.... .........
#+#.#.##.
#.....########.#.#o##.
###...(...o......#.#.#..
........######.....#.#..
......#@.....'..........
...## #o.#####..........
.. #..# #....######
#.#..#####..ยง.# ##8#
#.#..##.......##8...
..#..##....#'###.=..
..#..##....#..#>...$
#.#o.#######..##....
#.#..##...##.###8...


You could see an orc wizard and an orc.

Vanquished Creatures
  2 adders (D:2)
  A leopard gecko (D:2)
  2 orcs (D:3)
  A ball python (D:2)
  4 bats
  2 giant cockroaches
  6 goblins
  6 hobgoblins
  4 kobolds
  A quokka (D:2)
  2 frilled lizards (D:2)
  7 rats
38 creatures vanquished.

Notes
Turn   | Place    | Note
-------+----------+-------------------------------------------
     0 | D:1      | Blackmore the Deep Elf Ice Elementalist began the quest for the Orb.
     0 | D:1      | Reached XP level 1. HP: 10/10 MP: 6/6
   316 | D:1      | Reached XP level 2. HP: 12/15 MP: 6/8
   484 | D:1      | Learned a level 2 spell: Throw Frost
   822 | D:2      | Reached XP level 3. HP: 19/19 MP: 5/10
  1622 | D:3      | Slain by an orc

Vault maps used:
D:1:      dpeg_arrival_refuge
D:3:      nicolae_overflow_hidden_temple, lemuel_angel_altar

Skill      XL: |  1  2  3 |
---------------+----------+-----
Ice Magic      | 4 |  4.2
Spellcasting   | 4 |  4.4
Short Blades   | |  0.2
Dodging        | |  2.4
Stealth        | |  2.6
Conjurations   | |  1.3

Action                   || total
-------------------------++-------
Melee: Dagger            ||    10
       Unarmed           ||     1
 Cast: Freeze            ||    24
       Throw Frost       ||    19
 Stab: Sleeping          ||     6
  Eat: Chunk             ||     2
Armor: Robe              ||     1
Dodge: Dodged            ||    15
